 Dungeon Crawl Stone Soup version 0.19.0-2-gae57169 (webtiles) character file.

73 Khazard the Magician (level 4, 30/30 HPs)
             Began as a Demonspawn Wizard on Nov 4, 2016.
             Quit the game on level 2 of the Dungeon.
             The game lasted 00:02:47 (2251 turns).

Khazard the Magician (Demonspawn Wizard)            Turns: 2251, Time: 00:02:48

Health: 30/30      AC:  7    Str:  7    XL:     4   Next: 8%
Magic:  9/9        EV: 12    Int: 20    God:
Gold:   101        SH:  0    Dex: 12    Spells: 4 memorised, 3 levels left

rFire  . . .     SeeInvis .     a - +0 dagger (venom)
rCold  . . .     Gourm    .     f - +0 robe
rNeg   . . .     Faith    .     (no shield)
rPois  .         Spirit   .     b - +0 hat
rElec  .         Reflect  .     (no cloak)
rCorr  .         Harm     .     p - +0 pair of gloves
MR     .....                    k - +2 pair of boots
Stlth  ++........               (no amulet)
                                (no ring)
                                (no ring)

@: no status effects
A: claws 1, rugged brown scales 1, rot immunity
a: no special abilities


You were on level 2 of the Dungeon.
You were not hungry.

You visited 1 branch of the dungeon, and saw 2 of its levels.

You collected 101 gold pieces.

Inventory:

Hand Weapons
 a - a +0 dagger of venom (weapon)
Armour
 b - a +0 hat (worn)
 f - a +0 robe (worn)
 k - a +2 pair of boots (worn)
 p - a +0 pair of gloves (worn)
Scrolls
 h - 2 scrolls of identify {unknown}
 i - a scroll of teleportation
 n - a scroll of remove curse
Potions
 e - 2 potions of haste {unknown}
 g - a potion of resistance {unknown}
 j - a potion of mutation {unknown}
 l - a potion of might {unknown}
 q - a potion of degeneration {unknown}
 r - 2 potions of heal wounds {unknown}
Books
 c - a book of Minor Magic

   Spells                             Type                      Level
   a - Magic Dart                     Conjuration                  1
   b - Blink                          Translocation                2
   c - Call Imp                       Summoning                    2
   d - Repel Missiles                 Charms/Air                   2
   e - Slow                           Hexes                        2
   f - Conjure Flame                  Conjuration/Fire             3
   g - Mephitic Cloud                 Conjuration/Poison/Air       3
Comestibles
 d - a bread ration
 m - a meat ration
 o - a royal jelly


   Skills:
 - Level 1.7 Dodging
 - Level 1.7 Stealth
 + Level 3.5 Spellcasting
 * Level 3.3 Conjurations
 - Level 1.0 Summonings
 - Level 0.8 Translocations


You had 3 spell levels left.
You knew the following spells:

 Your Spells              Type           Power        Failure   Level  Hunger
a - Magic Dart            Conj           ###.         3%          1    None
b - Blink                 Tloc           N/A          17%         2    ##.....
d - Call Imp              Summ           #.......     17%         2    ##.....
k - Repel Missiles        Chrm/Air       #.....       24%         2    ##.....


Dungeon Overview and Level Annotations

Branches:
Dungeon (2/15)

Altars:
Dithmenos


Innate Abilities, Weirdness & Mutations

You have sharp fingernails.
You are partially covered in rugged brown scales. (AC +1, +3% HP)
You are immune to rotting.


Message History

Things that are here:
an uncursed hunting sling; 13 stones You see here a stone.
r - 2 sapphire potions (gained 1)
Items here: ) [[ † a dagger; an animal skin; a helmet; a dart slug corpse
There is a stone staircase leading up, spattered with blood here.
You see here 3 stones.
You see here a stone.
You start resting.
All of the chunks of flesh in your inventory have rotted away.
You start resting.
HP restored.
You aren't carrying any pieces of jewellery.
Unknown command.
Wear which item? (? for menu, Esc to quit)
Okay, then.
Okay, then.
Okay, then.
Are you sure you want to abandon this character and quit the game? (Confirm with "yes".)

#.# #.##...###......)().## ..#
#.####.#....# ##....<###..##.##
...#...#.)..# ###.(.(........#
.......#....# #.#.#.(......#
...^........# ##.#..........#
...(.#......# #..###........#
.....###....# ##.## #........#
....## ###..# #..# #####.####
.....######.####@## #####..##
..........#......# #.......#
.....#..#.#.###### ##.#####.###
....#...#.....#######..# ....#
......#.†.............#########..
.....######.................# #
....<######.................#####
.....÷.....(....#....÷...........
...............###..........#####


There were no monsters in sight!

Vanquished Creatures
  Robin (D:2)
  A dart slug (D:2)
  2 leopard geckos (D:1)
  2 giant cockroaches
  11 goblins
  11 hobgoblins
  5 jackals
  3 bats (D:2)
  3 frilled lizards
  6 kobolds
  6 rats
51 creatures vanquished.

Vanquished Creatures (collateral kills)
  A jackal (D:1)
1 creature vanquished.

Grand Total: 52 creatures vanquished

Notes
Turn   | Place    | Note
-------+----------+-------------------------------------------
     0 | D:1      | Khazard the Demonspawn Wizard began the quest for the Orb.
     0 | D:1      | Reached XP level 1. HP: 13/13 MP: 4/4
   180 | D:1      | Gained mutation: You have sharp fingernails. [demonic ancestry]
   180 | D:1      | Reached XP level 2. HP: 3/19 MP: 0/6
   774 | D:1      | Learned a level 2 spell: Blink
   777 | D:1      | Learned a level 2 spell: Repel Missiles
   780 | D:1      | Learned a level 2 spell: Call Imp
  1285 | D:2      | Gained mutation: You are partially covered in rugged brown scales. (AC +1, +3% HP) [demonic ancestry]
  1285 | D:2      | Reached XP level 3. HP: 19/24 MP: 0/7
  1332 | D:2      | Found a shadowy altar of Dithmenos.
  1731 | D:2      | Noticed Robin
  2051 | D:2      | Killed Robin
  2051 | D:2      | Gained mutation: You are immune to rotting. [demonic ancestry]
  2051 | D:2      | Reached XP level 4. HP: 10/30 MP: 9/9
  2251 | D:2      | Quit the game

Skill      XL: |  1  2  3 |
---------------+----------+-----
Conjurations   | 2 3 |  3.3
Dodging        | |  1.7
Stealth        | |  1.7
Spellcasting   | |  3.5
Summonings     | |  1.0
Translocations | |  0.8

Action                   |  1- 3 |  4- 6 || total
-------------------------+-------+-------++-------
Melee: Club              |    10 |       ||    10
       Unarmed           |    45 |       ||    45
       Dagger            |    24 |       ||    24
 Cast: Magic Dart        |    84 |       ||    84
       Call Imp          |     1 |       ||     1
       Repel Missiles    |     1 |       ||     1
  Use: Potion            |     1 |       ||     1
       Scroll            |     4 |       ||     4
  Eat: Chunk             |     4 |       ||     4
Armor: Robe              |    35 |       ||    35
Dodge: Dodged            |    87 |       ||    87
       Deflected         |     1 |       ||     1
